 Dungeon Crawl Stone Soup version 0.30-a0-439-g9e77e4d916 (webtiles) character file.

Game seed: 13202147939403538682

2191 AigisTheKnight the Firebug (level 9, -7/78 HPs)
             Began as a Tengu Fire Elementalist on Dec 10, 2022.
             Was an Initiate of Elyvilon.
             Mangled by a hornet (8 damage)
             ... on level 7 of the Dungeon.
             The game lasted 00:12:57 (7622 turns).

AigisTheKnight the Firebug (TeFE)                   Turns: 7622, Time: 00:12:57

Health: -7/78      AC:  5    Str: 15    XL:     9   Next: 33%
Magic:  10/17      EV: 17    Int: 23    God:    Elyvilon [......]
Gold:   316        SH:  5    Dex: 15    Spells: 14/17 levels left

rFire   . . .      SeeInvis .    x - +10 falchion of Futhoos {flame, *Rage Str+6 Int+4}
rCold   . . .      Faith    .    C - +0 buckler
rNeg    . . .      Spirit   .    F - +0 steam dragon scales
rPois   .          Reflect  .    (helmet restricted)
rElec   .          Harm     .    (no cloak)
rCorr   .          Rampage  .    (no gloves)
Will    .....      Rage     20%  (boots unavailable)
Stlth   ..........               (no amulet)
HPRegen 0.33/turn                (no ring)
MPRegen 0.15/turn                (no ring)

@: berserking, flying quickly and evasively, slowed, quick
A: beak, talons 3, nimble flight
a: Renounce Religion


You were on level 7 of the Dungeon.
You worshipped Elyvilon.
Elyvilon was noncommittal.
You visited 2 branches of the dungeon, and saw 8 of its levels.

You collected 316 gold pieces.

Inventory:

Hand Weapons
 r - a +2 short sword of electrocution
 x - the +10 falchion of Futhoos (weapon) {flame, *Rage Str+6 Int+4}
   (You found it on level 4 of the Dungeon)

   It burns those it strikes, dealing additional fire damage.
   Big, fiery blades are also staple armaments of hydra-hunters.
   Str:       It affects your strength (+6).
   Int:       It affects your intelligence (+4).
   *Rage:     It berserks you when you make melee attacks (+20% chance).
Missiles
 m - 15 poisoned darts
Armour
 a - a +0 robe
 s - a +1 chain mail of fire resistance
 y - a +0 leather armour
 C - a +0 buckler (worn)
 F - +0 steam dragon scales (worn)
Wands
 G - a wand of polymorph (13)
Scrolls
 d - 2 scrolls of immolation {unknown}
 e - a scroll of enchant armour {unknown}
 f - 5 scrolls of identify
 j - 4 scrolls of teleportation {unknown}
 n - a scroll of summoning {unknown}
 q - 3 scrolls of enchant weapon {unknown}
 t - a scroll of fear {unknown}
 u - 5 scrolls of blinking {unknown}
 v - a scroll of noise {unknown}
 A - a scroll of fog {unknown}
 B - 2 scrolls of vulnerability {unknown}
Potions
 b - 3 potions of magic
 c - a potion of brilliance {unknown}
 g - 2 potions of might {unknown}
 h - 5 potions of lignification
 i - 2 potions of flight {unknown}
 k - 3 potions of curing {unknown}
 l - 2 potions of haste {unknown}
 o - 2 potions of cancellation {unknown}
 p - a potion of degeneration {unknown}
 w - a potion of attraction {unknown}
 z - a potion of mutation {unknown}
 D - a potion of ambrosia {unknown}
 E - a potion of heal wounds {unknown}


   Skills:
 + Level 4.5 Fighting
 + Level 4.1 Long Blades
 - Level 3.6 Armour
 + Level 5.7 Dodging
 - Level 3.3 Stealth
 + Level 3.0 Shields
 + Level 4.8 Spellcasting
 - Level 3.1 Conjurations
 + Level 6.1 Fire Magic
 + Level 0.8 Invocations


You had 14 spell levels left.
You knew the following spells:

 Your Spells              Type           Power      Damage    Failure   Level
a - Foxfire               Conj/Fire      100%       2x1d9     1%          1
b - Scorch                Fire           66%        2d8       1%          2

Your spell library contained the following spells:

 Spells                   Type           Power      Damage    Failure   Level
 Magic Dart               Conj           76%        1d6       3%          1
 Searing Ray              Conj           38%        2d5       5%          2
 Inner Flame              Hex/Fire       19%        N/A       11%         3
 Freeze                   Ice            20%        1d4       13%         1
 Kindle Blastsparks       Fire/Tloc/Air  28%        2d12      16%         3
 Flame Wave               Conj/Fire      26%        2d8       19%         4
 Hailstorm                Conj/Ice       12%        3d5       21%         3
 Frozen Ramparts          Ice            10%        1d2       36%         3
 Gell's Gravitas          Tloc           5%         N/A       36%         3
 Teleport Other           Tloc           5%         N/A       36%         3
 Vhi's Electric Charge    Tloc/Air       10%        N/A       36%         3
 Fulminant Prism          Conj/Hex       6%         3d6       54%         4
 Arcjolt                  Conj/Air       6%         1d16      88%         5
 Dispersal                Tloc           2%         N/A       100%        6
 Maxwell's Capacitive Co  Air            2%         ∞         100%        8


Dungeon Overview and Level Annotations

Branches:
Dungeon (7/15)             Temple (1/1) D:7

Altars:
Ashenzari
Cheibriados
Dithmenos
Elyvilon
Fedhas
Gozag
Hepliaklqana
Kikubaaqudgha
Makhleb
Nemelex Xobeh
Okawaru
Qazlal
Ru
Sif Muna
Trog
Uskayaw
Vehumet
Wu Jian
Xom
Yredelemnul
Zin
The Shining One

Shops:
D:4 *

Annotations:
D:7 Joseph


Innate Abilities, Weirdness & Mutations

You have a beak for a mouth.
You have claws for feet.
Your magical nature lets you fly swiftly and evasively.


Message History

Confirm with . or Enter, or press ? or * to list all spells.
Flames lash the hornet.
The hornet is burned terribly!
The hornet is heavily wounded.
The hornet barely misses you. The hornet misses you.
Unknown command.
Casting: Scorch (safe; 1% risk of failure)
Confirm with . or Enter, or press ? or * to list all spells.
Flames lash the hornet.
The hornet is burned terribly!
The hornet is severely wounded.
The hornet stings you.
You suddenly lose the ability to move!
The hornet stings you!
You feel as though you will be slow longer.
The hornet stings you!
* * * LOW HITPOINT WARNING * * *
You feel as though you will be slow longer.
The hornet stings you.
* * * LOW HITPOINT WARNING * * *
You feel as though you will be slow longer.
You can move again.
Okay, then.
Press: ? - help, v - describe, . - travel
Here: a hornet (severely wounded, more vulnerable to fire)
The floor.
Press: ? - help, v - describe, . - travel
Here: a hornet (severely wounded, more vulnerable to fire)
The floor.
A red film seems to cover your vision as you go berserk!
You feel yourself moving faster!
You feel mighty!
You closely miss the hornet.
The hornet is severely wounded.
The hornet completely misses you. The hornet closely misses you.
The hornet misses you.
You barely miss the hornet.
The hornet is severely wounded.
The hornet stings you.
* * * LOW HITPOINT WARNING * * *
You feel as though you will be slow longer.
You miss the hornet. Your kick misses the hornet.
The hornet is severely wounded.
The hornet stings you!
You die...

#...............
####............
#.#.....#?...
#.###...##### #.#
#...# #.#
#...########## #.#
#.............
#####.###...##########
#...y@..#...#
#.......#...#
#.......#...#
#.......#####
#........ #.......##
#.......# #.......#


You could see a hornet (combustible).

Vanquished Creatures
  A steam dragon (D:6)
  Menkaure (D:5)
  Edmund (D:5)
  A sky beast (D:6)
  4 ice beasts
  4 phantoms
  Blork the orc (D:5)
  A bullfrog (D:5)
  A scorpion (D:4)
  3 killer bees (D:7)
  2 vampire bats (D:5)
  2 howler monkeys
  2 hounds
  4 orc priests
  2 jellies
  2 iguanas
  Terence (D:3)
  4 orc wizards (D:5)
  7 adders
  A shadow imp (D:6)
  A white imp (D:5)
  2 ufetubi
  3 worms
  2 dart slugs
  19 orcs
  3 endoplasms
  6 goblins
  6 hobgoblins
  7 quokkas
  6 ball pythons
  12 bats
  2 frilled lizards
  2 kobolds
  6 rats
122 creatures vanquished.

Vanquished Creatures (others)
  420 foxfires
  10 fungi (D:3)
430 creatures vanquished.

Grand Total: 552 creatures vanquished

Notes
Turn   | Place    | Note
-------+----------+-------------------------------------------
     0 | D:1      | AigisTheKnight the Tengu Fire Elementalist began the quest
                  | for the Orb.
     0 | D:1      | Reached XP level 1. HP: 10/10 MP: 4/4
   267 | D:1      | Reached XP level 2. HP: 15/15 MP: 0/6
  1308 | D:2      | Reached XP level 3. HP: 20/20 MP: 0/7
  1738 | D:2      | Reached skill level 1 in Fighting
  2091 | D:3      | Found a faded altar of an unknown god.
  2159 | D:3      | Found a shadowy altar of Dithmenos.
  2340 | D:3      | Reached XP level 4. HP: 25/25 MP: 4/8
  2341 | D:3      | Noticed Terence
  2538 | D:3      | Noticed a phantom
  2542 | D:4      | Noticed a scorpion
  2564 | D:4      | Killed a scorpion
  2565 | D:4      | Gained mutation: Your magical nature lets you fly swiftly
                  | and evasively. [Tengu growth]
  2565 | D:4      | Reached XP level 5. HP: 13/29 MP: 0/9
  2569 | D:4      | Learned a level 2 spell: Scorch
  2653 | D:3      | Killed a phantom
  2654 | D:3      | Reached skill level 4 in Fire Magic
  3342 | D:3      | Killed Terence
  3343 | D:3      | Reached XP level 6. HP: 24/35 MP: 0/11
  3753 | D:3      | Found a radiant altar of Vehumet.
  3753 | D:3      | Found a bloodstained altar of Trog.
  4032 | D:4      | Found a hide-covered altar of Uskayaw.
  4038 | D:4      | Identified the +10 falchion of Futhoos {flame, *Rage Str+6
                  | Int+4}
  4076 | D:4      | Found Cisiosah's General Store.
  4082 | D:4      | Found a shimmering altar of Xom.
  4083 | D:4      | Found an opulent altar of Gozag.
  4089 | D:4      | Found a sparkling altar of Nemelex Xobeh.
  4090 | D:4      | Found a blossoming altar of Fedhas.
  4094 | D:4      | Found an ornate altar of the Wu Jian Council.
  4095 | D:4      | Found a shimmering blue altar of Sif Muna.
  4521 | D:5      | Entered Level 5 of the Dungeon
  4521 | D:5      | Noticed Menkaure
  4591 | D:5      | Reached skill level 1 in Long Blades
  4598 | D:5      | Reached XP level 7. HP: 32/40 MP: 2/12
  4732 | D:5      | Noticed Blork the orc
  4739 | D:5      | Reached skill level 1 in Armour
  4739 | D:5      | Killed Blork the orc
  4942 | D:5      | Found a stormy altar of Qazlal.
  5162 | D:5      | Killed Menkaure
  5163 | D:5      | Reached skill level 5 in Fire Magic
  5248 | D:5      | Found a broken altar of Ashenzari.
  5286 | D:5      | Noticed Edmund
  5315 | D:5      | Killed Edmund
  5316 | D:5      | Reached XP level 8. HP: 46/46 MP: 2/14
  5474 | D:5      | Reached skill level 1 in Shields
  5858 | D:6      | Reached skill level 5 in Dodging
  6369 | D:6      | Reached XP level 9. HP: 52/52 MP: 8/16
  7058 | D:7      | Found a staircase to the Ecumenical Temple.
  7073 | Temple   | Entered the Ecumenical Temple
  7242 | Temple   | Became a worshipper of Elyvilon the Healer
  7297 | D:7      | Reached skill level 6 in Fire Magic
  7439 | D:7      | Noticed Joseph
  7500 | D:7      | Found an iron altar of Okawaru.
  7613 | D:7      | Noticed a hornet
  7618 | D:7      | Paralysed by a hornet for 2 turns
  7621 | D:7      | HP: 1/78 [hornet (4)]
  7622 | D:7      | Mangled by a hornet

Illustrated notes

Levels and vault maps discovered:
D:1:      minmay_arrival_loop, layout_basic
D:2:      layout_rooms
D:3:      layout_basic, nicolae_dithmenos_shadow_blocks,
          gammafunk_temple_overflow_wave, ebering_ecumenical_altar_webs,
          dreamdust_mushroom_princess, minmay_crystal_room,
          minmay_misc_feat_columns, uniq_terence
D:4:      layout_basic, eat_drink_and_be_merry_uskayaw, minitemple,
          serial_shops, shop
D:5:      layout_basic, lemuel_round_altar, lemuel_round_altar, roderic_batcave,
          minmay_misc_feat_four_crosses, minmay_a_box_with_orc_wizards_in_it,
          uniq_edmund, uniq_menkaure, uniq_blork_the_orc
D:6:      layout_layer_cave
D:7:      layout_rooms, okawaru_gym_becter, minmay_temple_entry_mini_moons,
          uniq_joseph
Temple:   hellmonk_temple_forest_ring

Skill      XL: |  1  2  3  4  5  6  7  8  9 |
---------------+----------------------------+-----
Conjurations   | 2 3 |  3.1
Fighting       | 1 2 3 4 |  4.5
Dodging        | 3 4 5 |  5.7
Fire Magic     | 4 5 6 |  6.1
Stealth        | 3 |  3.3
Spellcasting   | 3 4 |  4.8
Long Blades    | 1 2 3 4 |  4.1
Armour         | 2 3 |  3.6
Shields        | 2 3 |  3.0
Invocations    | |  0.8

Action                   |  1- 3 |  4- 6 |  7- 9 || total
-------------------------+-------+-------+-------++-------
Melee: Unarmed           |    17 |     8 |       ||    25
       Kick              |     4 |     8 |     3 ||    15
       Peck              |     1 |     7 |     2 ||    10
       Short sword       |       |    17 |       ||    17
       Falchion          |       |     8 |    29 ||    37
       Punch             |       |     1 |       ||     1
 Cast: Foxfire           |    91 |    39 |   128 ||   258
       Scorch            |       |    24 |    27 ||    51
  Use: Scroll            |       |       |     1 ||     1
 Stab: Sleeping          |       |     1 |       ||     1
Armor: Robe              |     4 |     2 |       ||     6
       Leather armour    |       |     1 |     3 ||     4
       Steam dragon scal |       |       |     2 ||     2
Dodge: Dodged            |    14 |    43 |    29 ||    86
Block: Buckler           |       |       |     6 ||     6

Table legend: (Time is in decaauts)
 A = Elapsed time spent in this place.
 B = Non-inter-level travel time spent in this place.
 C = Inter-level travel time spent in this place.
 D = Time resting spent in this place.
 E = Time spent auto-exploring this place.
 F = Levels seen in this place.
 G = Mean time per level.
                   A        B        C        D        E       F      G
               +--------+--------+--------+--------+--------+-----+--------+
         Total |   7392 |   7168 |    224 |    660 |   5191 |   8 |  924.0 |
       Dungeon |   7219 |   7001 |    218 |    660 |   5044 |   7 | 1031.3 |
        Temple |    173 |    167 |      6 |      0 |    146 |   1 |  173.0 |
               +--------+--------+--------+--------+--------+-----+--------+

Top non-repeatable levels by time:
     D:3: 1367 daAuts
     D:1: 1359 daAuts
     D:6: 1210 daAuts
     D:5: 1193 daAuts
     D:2: 917 daAuts
     D:4: 821 daAuts
     D:7: 347 daAuts
  Temple: 173 daAuts
